[ AOE2 MATCH · #493422291 ]
UnrankedVikings vs Tupi
[ REPLAY ANALYSIS · EXTRACTED FROM THE RECORDED GAME ]
Feudal
8:52
Castle
21:35
Imperial
—
| APM avg | 47.4 |
| APM peak | 83 |
| eAPM avg | 20.7 |
| Villagers / military | 54 / 43 |
Focus
⚔️ 33.9% · 🌾 66.1%
Archer ×43
Feudal
10:46
Castle
24:42
Imperial
—
| APM avg | 78.3 |
| APM peak | 131 |
| eAPM avg | 25.0 |
| Villagers / military | 52 / 19 |
Focus
⚔️ 16.1% · 🌾 83.9%
Scout Cavalry ×11 · Knight ×8
Feudal
11:03
Castle
20:31
Imperial
—
| APM avg | 64.6 |
| APM peak | 120 |
| eAPM avg | 36.5 |
| Villagers / military | 49 / 1 |
Focus
⚔️ 56.0% · 🌾 44.0%
Unknown (2550) ×68 · Spearman ×1
Feudal
8:35
Castle
22:49
Imperial
—
| APM avg | 58.2 |
| APM peak | 87 |
| eAPM avg | 24.0 |
| Villagers / military | 76 / 60 |
Focus
⚔️ 42.6% · 🌾 57.4%
Archer ×33 · Skirmisher ×27
Match map
Initial resources + every placement click. Lines = walls · curves = elevation contours. ◆ gold · ⬟ stone · ● berries · ✦ relic · ◌ wall gap
Your base· ✓ Closed at 21:35 · 46t walls · 1 gate(s)
Mongolsbiene's base· Open — 5t gap
TAG_Sitaux's base· ✓ Closed at 20:31 · 41t walls · 2 gate(s)
Smiley's base· ✓ Closed at 22:49 · 26t walls · 1 gate(s)
Smoothed initial terrain · ◌ = detected wall gap · hover for details
Inputs per minute
— NOC | Wean Dinchester - - Mongolsbiene
Build order — NOC | Wean Dinchester
First 150 of 176 actions detected
| 0:02 | Create | Villager (Male) ×4 |
| 0:02 | Build | House |
| 0:03 | Build | House |
| 1:26 | Create | Villager (Male) |
| 1:48 | Build | Lumber Camp |
| 2:03 | Create | Villager (Male) |
| 2:12 | Create | Villager (Male) |
| 2:44 | Create | Villager (Male) |
| 3:09 | Create | Villager (Male) |
| 3:37 | Create | Villager (Male) |
| 3:37 | Create | Villager (Male) |
| 3:54 | Build | House |
| 3:54 | Build | House |
| 4:03 | Create | Villager (Male) |
| 4:05 | Create | Villager (Male) |
| 4:48 | Create | Villager (Male) |
| 4:52 | Build | Mining Camp |
| 5:13 | Create | Villager (Male) |
| 5:36 | Build | Palisade Wall |
| 5:37 | Build | Palisade Wall |
| 5:43 | Research | Loom |
| 6:39 | Research | Feudal Age |
| 7:09 | Create | Villager (Male) |
| 7:40 | Build | Barracks |
| 7:52 | Create | Villager (Male) |
| 7:59 | Build | Palisade Wall |
| 8:00 | Build | Palisade Wall |
| 8:02 | Build | Palisade Wall |
| 8:03 | Build | Palisade Wall |
| 8:08 | Create | Villager (Male) |
| 8:52 | Age | Feudal Age |
| 8:54 | Build | Archery Range |
| 9:05 | Create | Villager (Male) |
| 9:17 | Create | Villager (Male) |
| 9:20 | Build | Archery Range |
| 9:42 | Build | Mill |
| 9:53 | Build | House |
| 9:55 | Build | Palisade Wall |
| 9:57 | Create | Villager (Male) |
| 10:07 | Create | Archer |
| 10:27 | Create | Archer |
| 10:28 | Create | Archer |
| 10:30 | Build | Palisade Wall |
| 10:32 | Build | Palisade Wall |
| 10:59 | Create | Villager (Male) |
| 11:00 | Create | Archer |
| 11:09 | Build | House |
| 11:10 | Build | Palisade Wall |
| 11:23 | Build | House |
| 11:28 | Create | Archer |
| 11:42 | Build | Blacksmith |
| 11:54 | Create | Villager (Male) |
| 12:00 | Build | House |
| 12:02 | Build | Palisade Wall |
| 12:12 | Create | Villager (Male) |
| 12:13 | Create | Archer |
| 12:22 | Create | Archer |
| 12:24 | Research | Fletching |
| 12:32 | Create | Archer |
| 12:41 | Build | Palisade Wall |
| 12:42 | Build | Palisade Wall |
| 12:49 | Create | Villager (Male) |
| 12:50 | Build | Farm |
| 13:00 | Create | Archer |
| 13:23 | Create | Villager (Male) |
| 13:30 | Build | House |
| 13:31 | Build | House |
| 13:46 | Create | Archer |
| 13:49 | Build | Farm |
| 14:09 | Build | Farm |
| 14:10 | Create | Villager (Male) |
| 14:16 | Build | Farm |
| 14:28 | Create | Archer |
| 14:28 | Create | Archer |
| 14:46 | Create | Villager (Male) |
| 14:48 | Build | Farm |
| 14:50 | Build | Farm |
| 14:56 | Build | Palisade Wall |
| 15:14 | Create | Villager (Male) |
| 15:16 | Build | House |
| 15:23 | Build | Farm |
| 15:26 | Build | House |
| 16:21 | Build | Farm |
| 16:22 | Build | Farm |
| 16:24 | Create | Archer |
| 16:24 | Create | Archer |
| 16:25 | Create | Villager (Male) |
| 16:31 | Build | House |
| 16:43 | Create | Villager (Male) |
| 16:44 | Create | Archer |
| 17:00 | Create | Archer |
| 17:09 | Create | Villager (Male) |
| 17:16 | Create | Villager (Male) |
| 17:42 | Build | Market |
| 17:44 | Create | Archer |
| 17:52 | Create | Villager (Male) |
| 17:54 | Create | Villager (Male) |
| 17:59 | Build | Palisade Wall |
| 18:12 | Create | Villager (Male) |
| 18:12 | Create | Archer |
| 18:30 | Build | House |
| 18:38 | Research | Castle Age |
| 18:48 | Create | Archer |
| 19:05 | Create | Archer |
| 19:09 | Research | Gold Mining |
| 19:14 | Research | Double-Bit Axe |
| 19:16 | Build | Farm |
| 19:18 | Build | Farm |
| 19:20 | Create | Archer |
| 19:32 | Create | Archer |
| 19:34 | Research | Padded Archer Armor |
| 19:39 | Build | Farm |
| 19:50 | Create | Villager (Male) |
| 19:52 | Build | Palisade Wall |
| 20:01 | Build | House |
| 20:07 | Build | Palisade Gate |
| 20:10 | Create | Villager (Male) |
| 20:14 | Create | Villager (Male) |
| 20:20 | Create | Archer |
| 20:35 | Create | Archer |
| 20:43 | Build | Farm |
| 20:51 | Research | Gold Mining |
| 20:57 | Create | Archer |
| 21:05 | Create | Villager (Male) |
| 21:14 | Research | Horse Collar |
| 21:19 | Create | Villager (Male) |
| 21:28 | Create | Villager (Male) |
| 21:35 | Age | Castle Age |
| 21:38 | Build | University |
| 21:40 | Research | Crossbowman (upgrade) |
| 21:46 | Research | Bodkin Arrow |
| 21:46 | Research | Bodkin Arrow |
| 21:47 | Create | Villager (Male) |
| 21:50 | Create | Villager (Male) |
| 22:02 | Create | Archer |
| 22:03 | Create | Villager (Male) |
| 22:08 | Build | House |
| 22:09 | Build | House |
| 23:00 | Create | Villager (Male) |
| 23:04 | Research | Ballistics |
| 23:35 | Create | Archer ×5 |
| 23:36 | Create | Villager (Male) |
| 23:41 | Build | Archery Range |
| 23:53 | Create | Villager (Male) |
| 23:57 | Build | Lumber Camp |
| 23:58 | Create | Archer |
| 23:58 | Create | Villager (Male) |
| 24:17 | Create | Archer |
| 24:30 | Build | Lumber Camp |
| 24:31 | Create | Villager (Male) |
Build order — Mongolsbiene
143 actions detected in the replay
| 0:01 | Create | Villager (Male) |
| 0:01 | Create | Villager (Male) |
| 0:02 | Build | House |
| 0:03 | Build | House |
| 0:06 | Create | Villager (Male) |
| 0:06 | Create | Villager (Male) |
| 1:27 | Create | Villager (Male) |
| 1:50 | Build | Lumber Camp |
| 2:07 | Create | Villager (Male) |
| 2:07 | Create | Villager (Male) |
| 2:56 | Create | Villager (Male) |
| 2:56 | Create | Villager (Male) |
| 2:56 | Create | Villager (Male) |
| 3:35 | Create | Villager (Male) |
| 3:58 | Build | House |
| 4:08 | Create | Villager (Male) |
| 4:38 | Build | Mill |
| 4:40 | Create | Villager (Male) |
| 5:06 | Create | Villager (Male) |
| 5:16 | Build | Palisade Wall |
| 5:17 | Build | Palisade Wall |
| 5:31 | Create | Villager (Male) |
| 5:59 | Create | Villager (Male) |
| 6:16 | Create | Villager (Male) |
| 6:44 | Research | Loom |
| 6:57 | Build | Farm |
| 7:00 | Create | Villager (Male) |
| 7:10 | Build | House |
| 7:12 | Build | Palisade Wall |
| 7:19 | Build | Palisade Wall |
| 7:38 | Create | Villager (Male) |
| 7:52 | Build | Farm |
| 8:04 | Create | Villager (Male) |
| 8:36 | Research | Feudal Age |
| 8:36 | Research | Feudal Age |
| 9:48 | Build | Barracks |
| 10:04 | Build | House |
| 10:13 | Build | House |
| 10:18 | Build | Palisade Wall |
| 10:46 | Age | Feudal Age |
| 10:49 | Build | Stable |
| 10:51 | Create | Villager (Male) |
| 10:58 | Create | Villager (Male) |
| 11:10 | Research | Double-Bit Axe |
| 11:17 | Build | Farm |
| 11:18 | Build | Farm |
| 11:19 | Build | Farm |
| 11:20 | Create | Scout Cavalry |
| 11:38 | Build | Farm |
| 11:43 | Create | Villager (Male) |
| 11:44 | Create | Scout Cavalry |
| 11:47 | Build | Farm |
| 11:55 | Build | Palisade Wall |
| 11:58 | Create | Scout Cavalry |
| 12:10 | Create | Villager (Male) |
| 12:18 | Build | Farm |
| 12:32 | Build | House |
| 12:34 | Build | House |
| 12:36 | Create | Villager (Male) |
| 12:48 | Create | Villager (Male) |
| 12:55 | Create | Scout Cavalry |
| 13:11 | Create | Villager (Male) |
| 13:16 | Build | Farm |
| 13:17 | Build | Farm |
| 13:18 | Build | Farm |
| 13:25 | Build | Farm |
| 13:32 | Create | Scout Cavalry |
| 13:51 | Create | Villager (Male) |
| 14:09 | Build | Blacksmith |
| 14:12 | Create | Villager (Male) |
| 14:16 | Create | Scout Cavalry |
| 14:52 | Build | Farm |
| 14:55 | Create | Villager (Male) |
| 15:06 | Build | Palisade Wall |
| 15:12 | Research | Scale Barding Armor |
| 15:12 | Research | Scale Barding Armor |
| 15:19 | Build | Palisade Wall |
| 15:22 | Create | Villager (Male) |
| 15:33 | Build | Farm |
| 15:36 | Build | Farm |
| 15:40 | Create | Scout Cavalry |
| 15:50 | Create | Villager (Male) |
| 15:54 | Build | House |
| 16:02 | Build | Mining Camp |
| 16:43 | Create | Villager (Male) |
| 16:51 | Create | Scout Cavalry |
| 17:03 | Build | Palisade Wall |
| 17:05 | Build | House |
| 17:08 | Create | Villager (Male) |
| 17:15 | Create | Scout Cavalry |
| 17:20 | Research | Horse Collar |
| 17:22 | Build | Farm |
| 17:41 | Create | Villager (Male) |
| 17:44 | Research | Forging |
| 17:44 | Research | Forging |
| 17:48 | Build | House |
| 17:50 | Build | Palisade Wall |
| 18:16 | Create | Scout Cavalry |
| 18:17 | Create | Villager (Male) |
| 18:50 | Create | Villager (Male) |
| 19:09 | Create | Scout Cavalry |
| 19:33 | Create | Villager (Male) |
| 19:44 | Create | Villager (Male) |
| 20:01 | Create | Villager (Male) |
| 20:24 | Build | Mill |
| 20:34 | Build | House |
| 20:43 | Build | Farm |
| 20:43 | Build | Farm |
| 20:44 | Build | Farm |
| 20:44 | Build | Farm |
| 20:44 | Build | Farm |
| 20:58 | Create | Villager (Male) |
| 21:07 | Build | Farm |
| 21:08 | Build | Farm |
| 21:09 | Build | Farm |
| 21:24 | Create | Villager (Male) |
| 22:02 | Research | Castle Age |
| 22:02 | Research | Castle Age |
| 22:38 | Build | House |
| 22:41 | Build | House |
| 22:52 | Build | Stable |
| 23:58 | Build | Market |
| 24:42 | Age | Castle Age |
| 24:45 | Create | Knight |
| 24:59 | Build | Town Center |
| 25:05 | Create | Knight |
| 25:14 | Create | Villager (Male) |
| 25:15 | Create | Villager (Male) |
| 25:15 | Create | Villager (Male) |
| 25:23 | Create | Knight |
| 25:39 | Create | Villager (Male) |
| 25:39 | Create | Villager (Male) |
| 25:57 | Create | Villager (Male) |
| 26:00 | Build | Farm |
| 26:17 | Create | Knight |
| 26:17 | Create | Knight |
| 26:17 | Create | Knight |
| 26:22 | Create | Villager (Male) |
| 26:22 | Create | Villager (Male) |
| 26:23 | Create | Villager (Male) |
| 26:23 | Create | Villager (Male) |
| 26:30 | Create | Knight |
| 26:30 | Create | Knight |
Build order — TAG_Sitaux
First 150 of 203 actions detected
| 0:01 | Create | Villager (Male) |
| 0:01 | Create | Villager (Male) |
| 0:02 | Build | House |
| 0:02 | Build | House |
| 0:10 | Create | Villager (Male) |
| 0:10 | Create | Villager (Male) |
| 0:11 | Create | Villager (Male) |
| 0:29 | Build | Barracks |
| 1:26 | Create | Unit 2550 |
| 1:38 | Create | Villager (Male) |
| 2:03 | Create | Villager (Male) |
| 2:26 | Create | Villager (Male) |
| 2:50 | Create | Villager (Male) |
| 3:03 | Build | House |
| 3:13 | Create | Unit 2550 |
| 3:24 | Create | Villager (Male) |
| 3:41 | Create | Villager (Male) |
| 4:11 | Create | Villager (Male) |
| 4:26 | Create | Villager (Male) |
| 4:34 | Build | House |
| 4:41 | Create | Unit 2550 |
| 4:49 | Create | Villager (Male) |
| 4:58 | Create | Villager (Male) |
| 5:14 | Create | Villager (Male) |
| 5:34 | Create | Unit 2550 |
| 5:43 | Create | Villager (Male) |
| 6:18 | Build | Settlement |
| 6:20 | Create | Villager (Male) |
| 6:42 | Create | Villager (Male) |
| 7:12 | Create | Villager (Male) |
| 7:17 | Build | Settlement |
| 7:29 | Create | Villager (Male) |
| 8:01 | Create | Villager (Male) |
| 8:25 | Research | Loom |
| 8:32 | Build | Farm |
| 8:33 | Build | Farm |
| 8:53 | Research | Feudal Age |
| 9:08 | Create | Unit 2550 |
| 9:34 | Create | Unit 2550 |
| 9:37 | Build | Farm |
| 9:38 | Build | Farm |
| 10:12 | Build | House |
| 10:41 | Create | Villager (Male) |
| 11:03 | Age | Feudal Age |
| 11:05 | Research | Tech 1402 |
| 11:07 | Research | Double-Bit Axe |
| 11:08 | Research | Double-Bit Axe |
| 11:09 | Create | Villager (Male) |
| 11:18 | Build | Palisade Wall |
| 11:20 | Create | Villager (Male) |
| 11:37 | Research | Arson |
| 11:38 | Research | Arson |
| 11:45 | Build | Palisade Wall |
| 11:46 | Build | Palisade Wall |
| 11:48 | Research | Horse Collar |
| 11:48 | Create | Villager (Male) |
| 12:02 | Create | Villager (Male) |
| 12:26 | Create | Unit 2550 |
| 12:27 | Create | Villager (Male) |
| 12:44 | Build | Blacksmith |
| 12:46 | Create | Unit 2550 |
| 12:53 | Create | Villager (Male) |
| 13:03 | Build | Palisade Wall |
| 13:12 | Build | House |
| 13:18 | Build | Palisade Wall |
| 13:22 | Build | Palisade Gate |
| 13:24 | Create | Unit 2550 |
| 13:28 | Research | Scale Mail Armor |
| 13:28 | Research | Scale Mail Armor |
| 13:29 | Create | Villager (Male) |
| 13:33 | Build | Palisade Gate |
| 13:34 | Build | Palisade Wall |
| 13:36 | Build | Farm |
| 13:41 | Create | Unit 2550 |
| 13:53 | Create | Villager (Male) |
| 13:55 | Build | Farm |
| 14:10 | Build | House |
| 14:11 | Build | Palisade Wall |
| 14:14 | Build | Palisade Wall |
| 14:14 | Build | Palisade Wall |
| 14:19 | Research | Forging |
| 14:28 | Create | Unit 2550 |
| 14:32 | Create | Villager (Male) |
| 14:35 | Build | Watch Tower |
| 14:43 | Create | Unit 2550 |
| 14:52 | Build | Farm |
| 14:54 | Build | Farm |
| 14:56 | Build | Farm |
| 15:15 | Create | Villager (Male) |
| 15:32 | Create | Unit 2550 |
| 15:34 | Create | Villager (Male) |
| 15:35 | Create | Unit 2550 |
| 15:47 | Build | Farm |
| 15:48 | Build | Farm |
| 15:50 | Build | Farm |
| 15:54 | Build | Farm |
| 16:02 | Create | Unit 2550 |
| 16:05 | Create | Villager (Male) |
| 16:32 | Create | Villager (Male) |
| 16:35 | Build | Market |
| 16:51 | Create | Spearman |
| 16:53 | Create | Villager (Male) |
| 16:55 | Build | House |
| 16:56 | Build | Palisade Wall |
| 17:03 | Build | Farm |
| 17:15 | Build | Farm |
| 17:17 | Create | Villager (Male) |
| 17:33 | Build | House |
| 17:38 | Build | Farm |
| 17:51 | Research | Castle Age |
| 18:01 | Create | Unit 2550 |
| 18:01 | Create | Unit 2550 |
| 18:35 | Build | Barracks |
| 18:36 | Create | Unit 2550 |
| 18:58 | Create | Unit 2550 |
| 19:27 | Create | Unit 2550 |
| 19:35 | Create | Unit 2550 |
| 19:39 | Build | Barracks |
| 19:57 | Research | Gold Mining |
| 19:59 | Create | Unit 2550 |
| 20:08 | Create | Villager (Male) |
| 20:09 | Create | Unit 2550 |
| 20:19 | Create | Unit 2550 |
| 20:29 | Create | Unit 2550 |
| 20:31 | Age | Castle Age |
| 20:35 | Research | Tech 1351 |
| 20:37 | Research | Squires |
| 20:52 | Research | Chain Mail Armor |
| 20:55 | Create | Villager (Male) |
| 21:03 | Create | Unit 2550 |
| 21:09 | Build | Farm |
| 21:10 | Build | Farm |
| 21:12 | Build | Farm |
| 21:13 | Build | Farm |
| 21:14 | Create | Unit 2550 |
| 21:18 | Create | Unit 2550 |
| 21:26 | Create | Unit 2550 |
| 21:32 | Build | Farm |
| 21:43 | Create | Villager (Male) |
| 21:46 | Create | Unit 2550 |
| 22:06 | Create | Unit 2550 |
| 22:19 | Create | Villager (Male) |
| 22:25 | Create | Unit 2550 |
| 22:25 | Create | Unit 2550 |
| 22:29 | Build | Farm |
| 22:31 | Build | Farm |
| 22:36 | Create | Villager (Male) |
| 22:41 | Create | Unit 2550 |
| 22:45 | Create | Unit 2550 |
| 22:48 | Create | Villager (Male) |
Build order — Smiley
First 150 of 211 actions detected
| 0:02 | Create | Villager (Male) |
| 0:03 | Build | House |
| 0:04 | Build | House |
| 0:07 | Create | Villager (Male) |
| 0:11 | Create | Villager (Male) |
| 0:12 | Create | Villager (Male) |
| 1:30 | Create | Villager (Male) |
| 1:49 | Build | Lumber Camp |
| 1:55 | Create | Villager (Male) |
| 2:30 | Create | Villager (Male) |
| 2:54 | Create | Villager (Male) |
| 2:56 | Create | Villager (Male) |
| 3:34 | Create | Villager (Male) |
| 3:35 | Build | House |
| 3:36 | Build | House |
| 4:01 | Create | Villager (Male) |
| 4:02 | Create | Villager (Male) |
| 4:19 | Create | Villager (Male) |
| 4:45 | Create | Villager (Male) |
| 5:05 | Create | Villager (Male) |
| 5:20 | Build | Mining Camp |
| 5:25 | Build | Mining Camp |
| 5:30 | Research | Loom |
| 6:51 | Create | Villager (Male) |
| 7:17 | Research | Feudal Age |
| 7:36 | Build | Barracks |
| 7:43 | Build | Barracks |
| 8:03 | Create | Villager (Male) |
| 8:35 | Age | Feudal Age |
| 8:40 | Create | Villager (Male) |
| 8:49 | Build | Archery Range |
| 8:51 | Create | Villager (Male) |
| 9:01 | Create | Villager (Male) |
| 9:13 | Create | Villager (Male) |
| 9:26 | Build | Palisade Wall |
| 9:27 | Build | Palisade Wall |
| 9:29 | Create | Villager (Male) |
| 9:35 | Create | Archer |
| 9:36 | Build | House |
| 9:37 | Build | House |
| 9:44 | Create | Villager (Male) |
| 9:47 | Create | Villager (Male) |
| 9:51 | Create | Villager (Male) |
| 9:54 | Build | Mill |
| 9:58 | Create | Skirmisher |
| 9:58 | Create | Skirmisher |
| 10:04 | Build | House |
| 10:15 | Create | Villager (Male) |
| 10:30 | Create | Archer |
| 10:30 | Create | Archer |
| 10:36 | Create | Archer |
| 10:36 | Create | Archer |
| 10:46 | Create | Villager (Male) |
| 11:01 | Create | Villager (Male) |
| 11:05 | Build | Archery Range |
| 11:16 | Build | House |
| 11:30 | Create | Archer |
| 11:30 | Create | Skirmisher |
| 11:30 | Create | Archer |
| 11:37 | Build | House |
| 11:40 | Create | Archer |
| 11:40 | Create | Archer |
| 12:09 | Build | Farm |
| 12:14 | Build | Farm |
| 12:22 | Create | Villager (Male) |
| 12:36 | Build | Blacksmith |
| 12:38 | Build | Palisade Wall |
| 12:46 | Create | Villager (Male) |
| 12:49 | Build | Farm |
| 12:55 | Create | Archer |
| 13:41 | Create | Villager (Male) |
| 13:41 | Create | Villager (Male) |
| 13:46 | Create | Villager (Male) |
| 13:57 | Build | Farm |
| 13:58 | Build | Farm |
| 14:04 | Build | Farm |
| 14:05 | Create | Villager (Male) |
| 14:13 | Research | Fletching |
| 14:21 | Create | Archer |
| 14:22 | Create | Archer |
| 14:24 | Build | Farm |
| 14:26 | Build | Farm |
| 14:26 | Build | Farm |
| 14:33 | Create | Villager (Male) |
| 14:33 | Create | Villager (Male) |
| 15:00 | Create | Villager (Male) |
| 15:00 | Create | Villager (Male) |
| 15:27 | Create | Villager (Male) |
| 15:28 | Create | Archer |
| 15:28 | Create | Archer |
| 15:28 | Create | Archer |
| 15:53 | Create | Archer |
| 15:54 | Create | Archer |
| 15:55 | Create | Skirmisher |
| 15:56 | Create | Skirmisher |
| 15:56 | Create | Skirmisher |
| 16:14 | Create | Archer |
| 16:15 | Create | Archer |
| 16:16 | Create | Villager (Male) |
| 16:22 | Create | Villager (Male) |
| 16:25 | Research | Horse Collar |
| 16:28 | Build | Farm |
| 16:33 | Build | House |
| 16:34 | Build | Palisade Wall |
| 16:46 | Create | Archer |
| 16:48 | Create | Skirmisher |
| 16:48 | Create | Skirmisher |
| 16:48 | Create | Skirmisher |
| 16:56 | Create | Villager (Male) |
| 16:56 | Create | Villager (Male) |
| 16:59 | Build | Farm |
| 17:06 | Create | Villager (Male) |
| 17:12 | Research | Padded Archer Armor |
| 17:13 | Research | Padded Archer Armor |
| 17:13 | Create | Villager (Male) |
| 17:13 | Create | Villager (Male) |
| 17:23 | Create | Villager (Male) |
| 17:31 | Create | Villager (Male) |
| 17:47 | Create | Villager (Male) |
| 17:50 | Create | Villager (Male) |
| 17:55 | Build | Farm |
| 17:55 | Build | Farm |
| 17:56 | Build | Farm |
| 17:56 | Build | Farm |
| 18:19 | Build | Palisade Gate |
| 18:21 | Build | House |
| 18:43 | Create | Villager (Male) |
| 18:43 | Create | Villager (Male) |
| 18:46 | Create | Archer |
| 18:47 | Create | Archer |
| 18:51 | Build | House |
| 18:52 | Build | House |
| 18:58 | Build | House |
| 18:58 | Build | Palisade Wall |
| 19:00 | Create | Villager (Male) |
| 19:06 | Create | Villager (Male) |
| 19:07 | Create | Villager (Male) |
| 19:11 | Build | Farm |
| 19:23 | Build | House |
| 19:25 | Build | Palisade Wall |
| 19:27 | Create | Villager (Male) |
| 19:52 | Create | Villager (Male) |
| 20:00 | Build | Palisade Wall |
| 20:01 | Create | Villager (Male) |
| 20:02 | Create | Villager (Male) |
| 20:11 | Create | Villager (Male) |
| 20:28 | Build | Farm |
| 20:43 | Build | Palisade Wall |
| 20:48 | Create | Villager (Male) |
| 20:52 | Create | Villager (Male) |
Match timeline
| 0:29 | TAG_Sitaux · first_building Barracks |
| 5:16 | Mongolsbiene · wall_segment Palisade Wall x1 |
| 5:17 | Mongolsbiene · wall_segment Palisade Wall x1 |
| 5:36 | NOC | Wean Dinchester · wall_segment Palisade Wall x1 |
| 5:37 | NOC | Wean Dinchester · wall_segment Palisade Wall x1 |
| 7:12 | Mongolsbiene · wall_segment Palisade Wall x1 |
| 7:19 | Mongolsbiene · wall_segment Palisade Wall x1 |
| 7:36 | Smiley · first_building Barracks |
| 7:40 | NOC | Wean Dinchester · first_building Barracks |
| 7:59 | NOC | Wean Dinchester · wall_segment Palisade Wall x1 |
| 8:00 | NOC | Wean Dinchester · wall_segment Palisade Wall x1 |
| 8:02 | NOC | Wean Dinchester · wall_segment Palisade Wall x1 |
| 8:03 | NOC | Wean Dinchester · wall_segment Palisade Wall x1 |
| 8:35 | Smiley · age_up feudal |
| 8:49 | Smiley · first_building Archery Range |
| 8:52 | NOC | Wean Dinchester · age_up feudal |
| 8:54 | NOC | Wean Dinchester · first_building Archery Range |
| 9:26 | Smiley · wall_segment Palisade Wall x1 |
| 9:27 | Smiley · wall_segment Palisade Wall x5 |
| 9:48 | Mongolsbiene · first_building Barracks |
| 9:55 | NOC | Wean Dinchester · wall_segment Palisade Wall x7 |
| 10:18 | Mongolsbiene · wall_segment Palisade Wall x3 |
| 10:30 | NOC | Wean Dinchester · wall_segment Palisade Wall x1 |
| 10:32 | NOC | Wean Dinchester · wall_segment Palisade Wall x7 |
| 10:46 | Mongolsbiene · age_up feudal |
| 10:49 | Mongolsbiene · first_building Stable |
| 11:03 | TAG_Sitaux · age_up feudal |
| 11:10 | NOC | Wean Dinchester · wall_segment Palisade Wall x1 |
| 11:18 | TAG_Sitaux · wall_segment Palisade Wall x13 |
| 11:45 | TAG_Sitaux · wall_segment Palisade Wall x2 |
| 11:46 | TAG_Sitaux · wall_segment Palisade Wall x6 |
| 11:55 | Mongolsbiene · wall_segment Palisade Wall x1 |
| 12:02 | NOC | Wean Dinchester · wall_segment Palisade Wall x7 |
| 12:38 | Smiley · wall_segment Palisade Wall x1 |
| 12:41 | NOC | Wean Dinchester · wall_segment Palisade Wall x10 |
| 12:42 | NOC | Wean Dinchester · wall_segment Palisade Wall x1 |
| 13:03 | TAG_Sitaux · wall_segment Palisade Wall x1 |
| 13:18 | TAG_Sitaux · wall_segment Palisade Wall x7 |
| 13:34 | TAG_Sitaux · wall_segment Palisade Wall x1 |
| 14:11 | TAG_Sitaux · wall_segment Palisade Wall x1 |
| 14:14 | TAG_Sitaux · wall_segment Palisade Wall x3 |
| 14:14 | TAG_Sitaux · wall_segment Palisade Wall x2 |
| 14:56 | NOC | Wean Dinchester · wall_segment Palisade Wall x5 |
| 15:06 | Mongolsbiene · wall_segment Palisade Wall x1 |
| 15:19 | Mongolsbiene · wall_segment Palisade Wall x2 |
| 16:34 | Smiley · wall_segment Palisade Wall x9 |
| 16:56 | TAG_Sitaux · wall_segment Palisade Wall x7 |
| 17:03 | Mongolsbiene · wall_segment Palisade Wall x1 |
| 17:41 | TAG_Sitaux · first_market_buy 100 food |
| 17:44 | TAG_Sitaux · first_market_sell 100 stone |
| 17:50 | Mongolsbiene · wall_segment Palisade Wall x2 |
| 17:59 | NOC | Wean Dinchester · wall_segment Palisade Wall x1 |
| 18:35 | NOC | Wean Dinchester · first_market_buy 100 food |
| 18:58 | Smiley · wall_segment Palisade Wall x4 |
| 19:25 | Smiley · wall_segment Palisade Wall x5 |
| 19:52 | NOC | Wean Dinchester · wall_segment Palisade Wall x1 |
| 20:00 | Smiley · wall_segment Palisade Wall x1 |
| 20:31 | TAG_Sitaux · age_up castle |
| 20:43 | Smiley · wall_segment Palisade Wall x1 |
| 21:35 | NOC | Wean Dinchester · age_up castle |
| 22:36 | NOC | Wean Dinchester · first_market_sell 100 stone |
| 22:49 | Smiley · age_up castle |
| 24:42 | Mongolsbiene · age_up castle |
| 25:08 | Mongolsbiene · first_market_sell 100 stone |
| 25:28 | NOC | Wean Dinchester · wall_segment Palisade Wall x1 |
| 26:21 | NOC | Wean Dinchester · wall_segment Palisade Wall x1 |
| 26:23 | NOC | Wean Dinchester · wall_segment Palisade Wall x1 |
| 26:24 | NOC | Wean Dinchester · wall_segment Palisade Wall x1 |
| 26:50 | Mongolsbiene · resign |
[ AI ANALYSIS · 1 CREDIT ]
What really happened in this match?
Wolo.gg analyzes every decision: build order, eco, micro, common mistakes by bracket. Personalized analysis on WhatsApp or Discord in 30 seconds.
Civ guide
Vikings
Perfil
Jugador #300565